[Event "MCR rapid mládeže 2023 U16"]
[Site "Harachov, Czech Republic"]
[Date "2023.09.09"]
[Round "3.30"]
[White "Vorlik, Jachym"]
[Black "Fadrny, Jachym"]
[Result "0-1"]
[TimeControl "20min+5s/move"]
[WhiteElo "1210"]
[BlackElo "1347"]

1. e4 e6 2. d4 d5 3. exd5 exd5 4. Nf3 Bd6 5. Bd3 Bg4 6. O-O Nc6 7. c3 Nge7 8. Re1 O-O 9. Bxh7+ Kh8 10.
Bd3 Ng6 11. h3 Bxf3 12. Qxf3 Qd7 13. Qh5+ Kg8 14. Bxg6 fxg6 15. Qxd5+ Kh8 16. Qg5 Rae8 17. Rxe8 Qxe8 18. Be3 Rf5 19.
Qh4+ Rh5 20. Qg4 Ne7 21. Bf4 Nf5 22. Qf3 Qe1+ 23. Kh2 Nh4 24. Qe3 Qf1 25. g4 Qg2# 0-1

[Event "MCR rapid mládeže 2023 U16"]
[Site "Harachov, Czech Republic"]
[Date "2023.09.09"]
[Round "3.31"]
[White "Gernert , Tomas"]
[Black "Mauric, Jan"]
[Result "1/2-1/2"]
[TimeControl "20min+5s/move"]
[WhiteElo "1236"]
[BlackElo "1260"]

1. e4 e6 2. d4 b6 3. Nc3 Bb7 4. Nf3 Bb4 5. Bd3 Nf6 6. e5 Nd5 7. Bd2 Nxc3 8. Bxc3 Bxc3+ 9. bxc3 O-O 10.
O-O h6 11. c4 f6 12. c3 d6 13. exd6 Qxd6 14. Re1 c5 15. Bg6 cxd4 16. cxd4 Nc6 17. Qd3 Rad8 18. Bh7+ Kh8 19. Rad1 Rd7 20.
Be4 Rfd8 21. Bxc6 Bxc6 22. Qe3 e5 23. d5 Bb7 24. Nh4 Qc5 25. Ng6+ Kg8 26. Qxc5 bxc5 27. f4 Kf7 28. f5 Bxd5 29.
cxd5 Rxd5 30. Rxd5 Rxd5 31. Rc1 e4 32. g4 h5 33. h3 hxg4 34. hxg4 e3 35. Kg2 Rd2+ 36. Kf3 e2 37. Re1 Rxa2 38. Rxe2 Rxe2 39. Kxe2 Ke8 40.
Kd3 Kd7 41. Kc4 Kc6 42. Ne7+ Kd6 43. Nc8+ Ke5 44. Nxa7 Kf4 45. Kxc5 Kxg4 46. Kd4 Kxf5 47. Nc6 Kf4 48. Ne7 g5 49. Ng6 Kg4 50. Ke4 f5+ 51. Ke3 Kg3 52. Ne5 f4+ 53. Ke2 Kg2 54. Nf3 g4 55. Ng5 Kh2 56. Kf2 g3+ 57. Ke2 g2 58. Nf3 Kh1 59. Kf2 Kh2 60. Ke2 Kg3 61. Ng1 1/2-1/2

[Event "MCR rapid mládeže 2023 U16"]
[Site "Harachov, Czech Republic"]
[Date "2023.09.09"]
[Round "3.32"]
[White "Krivka, Lukas"]
[Black "Vo, Daniel"]
[Result "0-1"]
[TimeControl "20min+5s/move"]
[WhiteElo "1104"]
[BlackElo "1445"]

1. d4 d5 2. Nc3 Nf6 3. Bf4 c6 4. Nf3 e6 5. e3 Bb4 6. Qd3 b6 7. Bg5 Ba6 8. Bxf6 Qxf6 9. Qd2 Bxf1 10.
Rxf1 Nd7 11. a3 Bxc3 12. Qxc3 c5 13. Qd3 cxd4 14. Nxd4 O-O 15. O-O-O Nc5 16. Qc3 Rac8 17. Nb5 Qe7 18.
Kb1 a6 19. Nd4 a5 20. Nb3 Ne4 21. Qd4 a4 22. Nd2 Qc7 23. Rc1 Nd6 24. f3 Nf5 25. Qd3 Rfd8 26. g4 Nd6 27. h4 b5 28. f4 Rb8 29. Qc3 Qxc3 30.
bxc3 Rdc8 31. Kb2 Rc7 32. Nb1 Nc4+ 33. Ka2 Nxe3 34. Rg1 Rc4 35. Rg3 d4 36. cxd4 Nxc2 37. Rxc2 Rxc2+ 38. Ka1 Rd8 39.
Rd3 Rc4 40. Kb2 Rcxd4 41. Rxd4 Rxd4 42. f5 exf5 43. gxf5 Rxh4 44. Nc3 Rh2+ 45. Kb1 Rf2 46.
Nxb5 Rxf5 47. Nc3 g5 48. Nxa4 Ra5 49. Nc3 Rxa3 50. Ne4 h6 51. Nf6+ Kg7 52. Ne8+ Kg6 53. Nd6 g4 54. Ne4 f5 55. Nf2 h5 56. Kb2 Rf3 57. Nd1 Kg5 58. Kc2 h4 59.
Kd2 h3 0-1

[Event "MCR rapid mládeže 2023 U16"]
[Site "Harachov, Czech Republic"]
[Date "2023.09.09"]
[Round "3.33"]
[White "Berdnikov, Tsyren"]
[Black "Trejbal, Jindrich"]
[Result "0-1"]
[TimeControl "20min+5s/move"]
[WhiteElo "1027"]
[BlackElo "1088"]

1. e4 e5 2. Nf3 Nf6 3. Nxe5 d6 4.
Nf3 Nxe4 5. Qe2 Qe7 6. d3 Nf6 7.
Bg5 Qxe2+ 8. Bxe2 Be7 9. O-O O-O 10. Nc3 h6 11. Bxf6 Bxf6 12. Nd5 Bd8 13. d4 Be6 14. Nf4 Nd7 15.
d5 Bf5 16. c4 Bg4 17. h3 Bxf3 18. Bxf3 Ne5 19. Be2 Bg5 20. Nd3 Nxc4 21. f4 Bf6 22. b3 Bxa1 23. Rxa1 Ne3 24. Bf3 Rfe8 25.
Rc1 Rac8 26. g4 Re7 27. Kf2 h5 28. Rc3 hxg4 29. hxg4 Rce8 30. Nb4 g5 31. fxg5 f5 32. gxf6 Re5 33.
Rxc7 Rf8 34. Rc3 Rfe8 35. Rc7 Rf8 36. Rc3 Nxg4+ 37. Bxg4 Rxf6+ 38. Rf3 Rxf3+ 39. Kxf3 Kf8 40. Kf2 Re4 41.
Nc2 Rxg4 42. Kf3 Rg5 43. Ke4 Re5+ 44. Kd4 Ke7 45. Ne3 b5 46. Nc2 a5 47. b4 Re2 48. Ne3 axb4 49. Nf5+ Kd7 50.
Ng3 Rxa2 51. Nh5 Ke7 52. Ng7 Re2 53. Nf5+ Kd7 54. Ng3 Rh2 55. Nf1 Rh3 56. Ne3 Rxe3 57. Kxe3 Ke7 58. Kd4 Kf6 59.
Ke4 Kg5 60. Kd4 Kf4 61. Kd3 Ke5 62. Kc2 Kxd5 63. Kb3 Ke4 64. Kxb4 d5 65. Kc3 d4+ 66. Kd2 b4 67. Kc2 d3+ 68.
Kd2 Kd4 69. Kc1 Kc3 70. Kd1 d2 71. Ke2 Kc2 72. Kf1 d1=Q+ 73. Kf2 Kd3 74. Kg2 Qg4+ 75. Kh2 Ke3 76. Kh1 Kf2 77. Kh2 Qg2 0-1

[Event "MCR rapid mládeže 2023 U16"]
[Site "Harachov, Czech Republic"]
[Date "2023.09.09"]
[Round "3.34"]
[White "Dlouhy, Martin"]
[Black "Zeman, Jonas"]
[Result "1-0"]
[TimeControl "20min+5s/move"]
[WhiteElo "1193"]
[BlackElo "1130"]

1. d4 Nf6 2. c4 e6 3. Nc3 Bb4 4. Bg5 h6 5. Bh4 g5 6. Bg3 d5 7. cxd5 Nxd5 8. Qa4+ Nc6 9. Qc2 Nxd4 10. Qd3 c5 11. Be5 Nf4 12.
Qe4 Rg8 13. e3 f5 14. Qb1 Ng6 15. exd4 cxd4 16. Bxd4 Qxd4 17. Bb5+ Kf7 18. Qc2 Nf4 19. Nf3 Bxc3+ 20. bxc3 Nxg2+ 21. Kf1 Qc5 22. Bc4 Nf4 23. Re1 Qxc4+ 24. Kg1 Qd3 25. Ne5+ Kf6 26. Nxd3 Nxd3 27. Qxd3 b6 28. Kf1 Bb7 29. Rg1 Rgd8 30. Qe3 Rd6 31.
f3 Rad8 32. Kf2 Ba6 33. c4 Bxc4 34. Qc3+ Rd4 35. Rd1 e5 36. Rxd4 Rxd4 37. Re1 Bxa2 38. Qc6+ Be6 39. Qc2 a5 40.
Rd1 Rc4 41. Qd2 Rd4 42. Qe2 Rb4 43.
Rd6 f4 44. Qa2 Kg7 45. Qxe6 Rb1 46. Rd7+ Kf8 47. Qf7# 1-0

[Event "MCR rapid mládeže 2023 U16"]
[Site "Harachov, Czech Republic"]
[Date "2023.09.09"]
[Round "3.36"]
[White "Zelenka, Tomas"]
[Black "Hlavacek, Pavel"]
[Result "1-0"]
[TimeControl "20min+5s/move"]
[WhiteElo "1457"]
[BlackElo "1203"]

1. e4 c5 2. d3 d6 3. g3 Nc6 4. Bg2 g6 5. f4 Bg7 6.
Nf3 Bg4 7. h3 Bxf3 8. Bxf3 Nf6 9. O-O O-O 10. Nc3 Qb6 11. Nd5 Nxd5 12. exd5 Nd4 13. Bg4 c4 14. Kh1 f5 15. Be2 Nxe2 16.
Qxe2 cxd3 17. Qxd3 Qd4 18. Qxd4 Bxd4 19. c3 Bg7 20. Be3 b6 21. Rfe1 Rac8 22. Re2 Rc4 23. Rae1 Re4 24. Bd2 Rxe2 25.
Rxe2 Bf6 26. g4 fxg4 27. hxg4 Bh4 28. g5 Re8 29. Kh2 h6 30. Kh3 hxg5 31. fxg5 Bxg5 32. Bxg5 Rf8 33. Rxe7 Rf3+ 34.
Kg4 Rf5 35. Rxa7 Rxd5 36. Bh6 Rd2 37. Bxd2 d5 38. Bh6 d4 39. Kg5 d3 40. Kf6 d2 41. Bxd2 g5 42. Bxg5 b5 43. Bh6 b4 44. Ra8+ Kh7 45. Bg7 bxc3 1-0

[Event "MCR rapid mládeže 2023 U16"]
[Site "Harachov, Czech Republic"]
[Date "2023.09.09"]
[Round "3.37"]
[White "Zidkova, Agnes"]
[Black "Najdkova, Laura"]
[Result "1/2-1/2"]
[TimeControl "20min+5s/move"]
[WhiteElo "1045"]
[BlackElo "1331"]

1. e4 e5 2. d4 exd4 3. Qxd4 Nc6 4.
Qe3 Bb4+ 5. Nc3 d6 6. Bd2 Nf6 7. O-O-O Be6 8. a3 Ba5 9. Qg3 Bxc3 10. Bxc3 O-O 11. Be2 Qe7 12. Nh3 Ne5 13.
f4 Nxe4 14. Qe3 Nxc3 15. Qxc3 Nc6 16. Rhe1 Qh4 17. Rd3 Bxh3 18. Rxh3 Qxf4+ 19. Kb1 Rfe8 20. Rg3 Nd4 21. Rg4 Qf5 22.
Qxd4 f6 23. Qf4 Qd5 24. Qf3 Qf7 25.
Re4 Rxe4 26. Qxe4 Re8 27. Qf3 Qg6 28. g3 b6 29. Qd3 Qxd3 30. cxd3 c5 31. Kc1 Kf7 32. Kd2 Ke6 33. Bg4+ Kf7 34.
Rf1 1/2-1/2

[Event "MCR rapid mládeže 2023 U16"]
[Site "Harachov, Czech Republic"]
[Date "2023.09.09"]
[Round "3.38"]
[White "Hamernikova, Iris"]
[Black "Tykalova, Barbora"]
[Result "1-0"]
[TimeControl "20min+5s/move"]
[WhiteElo "1387"]
[BlackElo "1121"]

1. e4 e5 2. Nf3 Nc6 3. Nc3 Nf6 4. Bb5 Bb4 5. O-O O-O 6. d3 d6 7. Bg5 Bxc3 8. bxc3 Qe7 9. Bc4 Nd8 10.
Rb1 Ne6 11. Bh4 Nf4 12. h3 Ng6 13. Bg5 h6 14. Be3 Nh5 15. Ng5 Nhf4 16. Nf3 b6 17. Re1 Be6 18. Bb3 c6 19. d4 Rad8 20.
Qc1 d5 21. exd5 Bxd5 22. Bxd5 Nxd5 23. dxe5 Nxc3 24. Rb3 Nd5 25. Qb2 Nxe3 26. Rbxe3 Qe6 27. Nd4 Qd7 28. Rd3 Qc7 29. e6 f6 30.
Qb3 Kh8 31. Nf5 Rxd3 32. Qxd3 Ne5 33. Qg3 Re8 34. e7 Qd7 35. Qxg7# 1-0

[Event "MCR rapid mládeže 2023 U16"]
[Site "Harachov, Czech Republic"]
[Date "2023.09.09"]
[Round "3.41"]
[White "Sengrova, Zofie"]
[Black "Tarielasvili, Kira"]
[Result "1/2-1/2"]
[TimeControl "20min+5s/move"]
[WhiteElo "1124"]
[BlackElo "1228"]

1. e4 e5 2. Nf3 Nc6 3. Nc3 Nf6 4. Bc4 Bb4 5. Ng5 O-O 6. Bxf7+ Rxf7 7. Nxf7 Kxf7 8. Nd5 Nxd5 9. exd5 Ne7 10.
c3 Bc5 11. b4 Bb6 12. c4 a6 13. Bb2 d6 14. h3 Kg8 15. O-O Ng6 16. Ba3 Qg5 17. c5 Bxh3 1/2-1/2

[Event "MCR rapid mládeže 2023 U16"]
[Site "Harachov, Czech Republic"]
[Date "2023.09.09"]
[Round "4.1"]
[White "Juhanak, Daniel"]
[Black "Svadlenka, Dominik"]
[Result "1-0"]
[TimeControl "20min+5s/move"]
[WhiteElo "1878"]
[BlackElo "1588"]

1. c4 e5 2. Nc3 Nf6 3. Nf3 d6 4. e3 Be7 5. b3 O-O 6. Bb2 c6 7. d3 h6 8. Be2 Be6 9. O-O Nbd7 10. Rc1 Rc8 11. d4 e4 12.
Nd2 d5 13. f3 exf3 14. Bxf3 dxc4 15. bxc4 Nb6 16. Qe2 Qd7 17. Kh1 Rfd8 18. Rfd1 Qe8 19. Ncb1 Na4 20. Ba1 b5 21. e4 bxc4 22. Nxc4 Nb6 23. Ne5 Bd6 24. Nd3 Bb8 25. Nc5 Nfd7 26.
Nb7 Bf4 27. Rc2 Nf6 28. Nxd8 Rxd8 29. Nd2 Qe7 30. Nb3 1-0

[Event "MCR rapid mládeže 2023 U16"]
[Site "Harachov, Czech Republic"]
[Date "2023.09.09"]
[Round "4.2"]
[White "Andrle, Filip"]
[Black "Roubal, Matyas"]
[Result "0-1"]
[TimeControl "20min+5s/move"]
[WhiteElo "1649"]
[BlackElo "1911"]

1. e4 c5 2. c4 Nc6 3. Nc3 g6 4. g3 Bg7 5. Bg2 d6 6. Nge2 e6 7. d3 Nge7 8. O-O O-O 9. Rb1 Rb8 10.
a3 b6 11. b4 Bb7 12. Be3 Nd4 13. Nb5 Nxb5 14. cxb5 Qd7 15. bxc5 dxc5 16. d4 cxd4 17. Nxd4 Rfd8 18. Ne2 f5 19.
Qxd7 Rxd7 20. Rfd1 Rbd8 21. Rxd7 Rxd7 22. Nf4 e5 23. Ne6 Bxe4 24. Bxe4 fxe4 25. Nxg7 Kxg7 26. Rb4 Nd5 27. Rxe4 Nxe3 28.
Rxe3 Rd5 29. a4 Kf6 30. Kf1 Rd4 31. Ra3 Rb4 32. Ke2 Ke6 33. Ke3 Kd5 34. Kd3 Rb2 35. Ke3 Kc4 36. Rd3 Rb3 37.
Rxb3 Kxb3 38. Ke4 Kxa4 39. Kxe5 Kxb5 40. f4 a5 41. g4 a4 42. Kd4 Kc6 43. Kc4 b5+ 44. Kd4 0-1

[Event "MCR rapid mládeže 2023 U16"]
[Site "Harachov, Czech Republic"]
[Date "2023.09.09"]
[Round "4.3"]
[White "Topencik, Bruno"]
[Black "Babula, Matej"]
[Result "0-1"]
[TimeControl "20min+5s/move"]
[WhiteElo "1451"]
[BlackElo "1865"]

1. e4 e5 2. Nf3 Nc6 3. Bb5 a6 4. Bxc6 dxc6 5. O-O f6 6. d4 exd4 7. Nxd4 c5 8. Nb3 Qxd1 9. Rxd1 Bd7 10.
Be3 b6 11. Nc3 O-O-O 12. f3 Bd6 13. Ne2 f5 14. Nd2 Nf6 15. Bg5 h6 16. Bxf6 gxf6 17. Nc3 Be5 18. Nb3 Bxc3 19. bxc3 fxe4 20.
fxe4 Bc6 21. Rxd8+ Rxd8 22. Re1 a5 23. Rf1 Bxe4 24. Rxf6 Bxc2 25. Rf2 Rd1+ 26. Rf1 Rxf1+ 27. Kxf1 Bxb3 28.
axb3 c4 29. Ke1 cxb3 30. Kd1 a4 31.
g4 Kd7 32. h4 Ke6 33. c4 Ke5 34. Kd2 b2 35. Kc2 a3 36. Kb1 Kf4 37. g5 hxg5 0-1

[Event "MCR rapid mládeže 2023 U16"]
[Site "Harachov, Czech Republic"]
[Date "2023.09.09"]
[Round "4.4"]
[White "Popov, Roman"]
[Black "Langmaier, Michal"]
[Result "1-0"]
[TimeControl "20min+5s/move"]
[WhiteElo "1751"]
[BlackElo "1769"]

1. d4 d5 2. c4 e6 3. Nc3 Nf6 4. cxd5 exd5 5. Bg5 Nbd7 6. e3 Be7 7. Bd3 O-O 8. Qc2 h6 9. Bh4 c6 10.
Nge2 Re8 11. O-O Nf8 12. Rae1 Ne4 13. Bxe7 Qxe7 14. f3 Nxc3 15. Nxc3 Ne6 16. Qf2 Qc7 17. e4 dxe4 18. fxe4 Rd8 19.
Bc4 b5 20. Bb3 b4 21. Ne2 a5 22. d5 cxd5 23. exd5 Ng5 24. Nd4 a4 25. d6 Qxd6 26. Bxf7+ Kh8 27. Re8+ Rxe8 28. Bxe8 Ba6 29. Qf8+ Qxf8 30. Rxf8+ Kh7 31.
Bg6+ Kxg6 32. Rxa8 Bd3 33. Rxa4 b3 34. Nxb3 Ne4 35. Rd4 Bc2 36. Na1 1-0

[Event "MCR rapid mládeže 2023 U16"]
[Site "Harachov, Czech Republic"]
[Date "2023.09.09"]
[Round "4.5"]
[White "Hrbek, Jachym"]
[Black "Macosek, Alex"]
[Result "1-0"]
[TimeControl "20min+5s/move"]
[WhiteElo "1769"]
[BlackElo "1508"]

1. e4 c6 2. c4 d5 3. exd5 cxd5 4.
cxd5 Nf6 5. Nc3 Nxd5 6. Bc4 Nxc3 7. bxc3 Nc6 8. Nf3 Bg4 9. Bxf7+ Kxf7 10. Ng5+ Ke8 11. Qxg4 Qd7 12. Qe4 Qd6 13.
Rb1 Rb8 14. d4 Qg6 15. Qxg6+ hxg6 16. Bf4 e5 17. dxe5 Na5 18. O-O Rc8 19. Rfe1 Bc5 20. e6 1-0

[Event "MCR rapid mládeže 2023 U16"]
[Site "Harachov, Czech Republic"]
[Date "2023.09.09"]
[Round "4.6"]
[White "Bludsky, Hynek"]
[Black "Jasso, Matej"]
[Result "0-1"]
[TimeControl "20min+5s/move"]
[WhiteElo "1547"]
[BlackElo "1794"]

1. e4 c5 2. Nf3 d6 3. d4 cxd4 4. Nxd4 Nf6 5. Nc3 a6 6. Be2 e5 7. Nb3 Be7 8. O-O O-O 9. Be3 b5 10.
a3 Bb7 11. f3 Nbd7 12. a4 b4 13. Na2 d5 14. exd5 Nxd5 15. Bf2 Rc8 16. Qd2 Qc7 17. Rac1 h6 18. Qd1 Bg5 19. Nd2 N7b6 20.
h4 Ne3 21. Bxe3 Bxe3+ 22. Kh1 Nxa4 23. Nxb4 Qe7 24. Qe1 Qxb4 25. c3 Bxd2 26. cxb4 Bxe1 27. Rfxe1 Nxb2 28. Rb1 Na4 29. Ra1 Nc3 30.
Bxa6 Bxa6 31. Rxa6 f6 32. Ra7 Rf7 33. Ra3 Nb5 34. Ra5 Rb7 35. Rb1 Rcb8 36. Kg1 Nc3 37. Rb3 Ne2+ 38. Kf2 Nd4 39.
Rc3 Rxb4 40. Rc7 R4b7 41. Rc4 Rb2+ 42. Kg3 Rc2 43. Rxc2 Nxc2 44. Ra7 h5 45. Kh2 Nd4 46. Rd7 Rb4 47.
Kg3 Kh7 48. Rc7 Kg6 49. Kh3 Nf5 50. g3 Rb3 51. Kg2 Nd4 52. f4 exf4 53. gxf4 Ne6 54. Re7 Nxf4+ 55. Kf2 Nd3+ 56. Ke2 Ne5 57.
Rc7 Rh3 0-1

[Event "MCR rapid mládeže 2023 U16"]
[Site "Harachov, Czech Republic"]
[Date "2023.09.09"]
[Round "4.7"]
[White "Zrubek, Dan"]
[Black "Vana, Jan"]
[Result "0-1"]
[TimeControl "20min+5s/move"]
[WhiteElo "1571"]
[BlackElo "1681"]

1. e4 c5 2. Nf3 Nc6 3.
d4 cxd4 4. Nxd4 Nf6 5. Nc3 e5 6. Ndb5 d6 7. Nd5 Nxd5 8. exd5 Nb8 9. c4 Be7 10. Be2 O-O 11. O-O a6 12. Nc3 f5 13. f4 Bf6 14. Kh1 Nd7 15. Qc2 g6 16. Be3 exf4 17. Bxf4 Be5 18. Bxe5 Nxe5 19. Rac1 Bd7 20. b4 Rc8 21. Qb3 Qh4 22.
c5 Ng4 23. Bxg4 fxg4 24. Ne4 Rxf1+ 25. Rxf1 Rf8 26. Rxf8+ Kxf8 27. Qg3 Qxg3 28. Nxg3 dxc5 29. bxc5 Ke7 30. Kg1 Bb5 31. d6+ Ke6 32. Ne4 h6 33. Nc3 Bc6 34. Kf2 Ke5 35.
Kg3 Kd4 36. Ne2+ Kxc5 37. Kxg4 Kxd6 38. g3 Be4 39. Kf4 Bb1 40. Nc3 Bc2 41. Ke3 b5 42. Kd2 Bf5 43. Kc1 Kc5 44. Kb2 Kd4 45. Nd1 a5 46. Kc1 Kd3 47. g4 Be6 48.
Nf2+ Ke3 49. Nd1+ Kf3 50. h3 Bxa2 51. Nc3 Bc4 52. Kd2 Kg3 53. Ke3 a4 54. Ne4 Kg2 55. h4 a3 56. Nc3 a2 57. Nxa2 Bxa2 58. Kf4 b4 0-1

[Event "MCR rapid mládeže 2023 U16"]
[Site "Harachov, Czech Republic"]
[Date "2023.09.09"]
[Round "4.8"]
[White "Zemek, Antonin"]
[Black "Martirosyan, David"]
[Result "0-1"]
[TimeControl "20min+5s/move"]
[WhiteElo "1464"]
[BlackElo "1861"]

1. Nf3 d5 2. b3 Bf5 3. d3 e6 4. Bb2 h6 5. Nbd2 Nf6 6. c4 Nbd7 7. g3 Be7 8. Bg2 O-O 9. O-O c6 10.
Re1 Bh7 11. a3 a5 12. Qc2 Qb6 13. Bd4 Bc5 14. Qc3 Bxd4 15. Nxd4 e5 16. N4f3 d4 17. Qb2 c5 18. h3 Rfe8 19.
Nh2 e4 20. dxe4 Nxe4 21. Nxe4 Bxe4 22. Bxe4 Rxe4 23. f3 Re3 24. Rab1 Rae8 25. Ng4 R3e6 26. Kf2 Ne5 27. Nxe5 Rxe5 28.
Qd2 Re3 29. Qc2 Qe6 30. g4 Qe5 31. Kg2 Rxe2+ 32. Rxe2 Qxe2+ 33. Qxe2 Rxe2+ 34. Kg3 Rc2 35. b4 axb4 36. axb4 b6 37. bxc5 bxc5 38. Kf4 Rxc4 39. Ke4 Rc3 40. h4 Kf8 41.
f4 g6 42. f5 Rh3 43. f6 Ke8 44. Kd5 Re3 45. Kxc5 d3 46. g5 hxg5 47. hxg5 d2 48. Kd6 Rd3+ 49. Kc7 d1=Q 0-1

[Event "MCR rapid mládeže 2023 U16"]
[Site "Harachov, Czech Republic"]
[Date "2023.09.09"]
[Round "4.9"]
[White "Horkova, Tereza"]
[Black "Barteckova, Valerie"]
[Result "1/2-1/2"]
[TimeControl "20min+5s/move"]
[WhiteElo "1720"]
[BlackElo "1498"]

1. e4 e6 2. d4 d5 3. e5 c5 4. c3 Nc6 5. Nf3 Qb6 6. Be2 Bd7 7. O-O Nh6 8. dxc5 Bxc5 9. h3 Nf5 10. Nbd2 Ng3 11. b4 Nxb4 12. cxb4 Bd4 13.
Rb1 Nxf1 14. Qxf1 O-O 15. Nb3 Bc3 16. Be3 Qc7 17. Nc5 Bc6 18. Nd3 Rfd8 19. Qc1 d4 20. Bxd4 Bxd4 21. Nxd4 Rxd4 22.
b5 Qd7 23. bxc6 Qxc6 24. Qb2 Rd7 25. Nb4 Qc7 26. Rc1 Qd8 27. Qc3 Rb8 28. Nd3 Rd5 29. Nb4 Rd7 30. Nd3 Rd5 31. Nb4 Rd7 1/2-1/2

[Event "MCR rapid mládeže 2023 U16"]
[Site "Harachov, Czech Republic"]
[Date "2023.09.09"]
[Round "4.10"]
[White "Mikesova, Lenka"]
[Black "Dorazilova, Kristyna"]
[Result "1-0"]
[TimeControl "20min+5s/move"]
[WhiteElo "1410"]
[BlackElo "1517"]

1. e4 b6 2. d4 Bb7 3. Nc3 e6 4. Nf3 Bb4 5. Bd3 Nf6 6. Qe2 c5 7. dxc5 Bxc3+ 8. bxc3 bxc5 9. Bg5 h6 10. Bh4 g5 11. Bg3 c4 12. Bxc4 Nxe4 13.
O-O Nxg3 14. fxg3 Nc6 15. Ne5 O-O 16. Rab1 Qc7 17. Ng4 Kg7 18. Nf6 Rab8 19. Qd3 Rh8 20. Qxd7 Qc8 21. Nh5+ 1-0

[Event "MCR rapid mládeže 2023 U16"]
[Site "Harachov, Czech Republic"]
[Date "2023.09.09"]
[Round "4.11"]
[White "Kammova, Katerina"]
[Black "Slivova, Linda"]
[Result "1-0"]
[TimeControl "20min+5s/move"]
[WhiteElo "1393"]
[BlackElo "1386"]

1. e4 c6 2. Nf3 d5 3. Nc3 dxe4 4. Nxe4 Nf6 5. Qe2 Nxe4 6. Qxe4 Nd7 7. Bc4 Nf6 8. Qe2 Bf5 9. d4 e6 10.
O-O Be7 11. c3 O-O 12. Nh4 Bg4 13. Nf3 Nd5 14. Bd3 Rc8 15. Re1 Re8 16. h3 Bxf3 17. Qxf3 Nf6 18. Bc2 c5 19. dxc5 Qd5 20.
Qxd5 Nxd5 21. Be3 Bxc5 22. Bxc5 Rxc5 23. Bb3 Nf4 24. Rad1 Rg5 25. g3 Nxh3+ 26. Kg2 Nf4+ 27. Kf3 Ng6 28.
Kg2 Nf4+ 29. Kf3 Nd5 30. Bxd5 Rf5+ 31. Kg2 Kf8 32. Bxb7 Ra5 33. a4 Rb8 34. b4 Rxa4 35. Bc6 Ra3 36. Rc1 Rc8 37. b5 a6 38. c4 axb5 39. cxb5 Rb3 40.
Red1 Ke7 41. Rb1 Rc3 42. Rbc1 Rb3 43. Rd7+ Kf6 44. Rdd1 h5 45. Bd5 Rxc1 46. Bxb3 Rc5 47. Ba4 Rc4 48. Ra1 Rb4 49. Kf3 Ke5 50.
Re1+ Kd5 51. Ra1 Kc5 52. Kg2 g5 53. Bd1 Rxb5 54. Bxh5 Kd4 55. Bxf7 Rf5 56. Bxe6 Rf6 57. Bg4 Ke5 58.
Re1+ Kd5 59. Bf3+ Kd6 60. Ra1 Ke5 61.
Ra5+ Kd4 62. Rxg5 1-0

[Event "MCR rapid mládeže 2023 U16"]
[Site "Harachov, Czech Republic"]
[Date "2023.09.09"]
[Round "4.12"]
[White "Vaclavkova, Klara"]
[Black "Buchtova, Viktorie"]
[Result "0-1"]
[TimeControl "20min+5s/move"]
[WhiteElo "1092"]
[BlackElo "1556"]

1. d4 Nf6 2. c4 e6 3.
Nc3 Bb4 4. Nf3 Ne4 5. Bd2 Bxc3 6.
Bxc3 Nxc3 7. bxc3 b6 8. g3 Ba6 9. e3 Nc6 10. Nd2 O-O 11. Bg2 Rb8 12. O-O Na5 13. Re1 Nxc4 14. Nxc4 Bxc4 15.
Qa4 d5 16. e4 a5 17. exd5 exd5 18. Re3 Qd6 19. Rae1 Rbd8 20. Re7 Bd3 21. Bh3 Be4 22. Rd7 Rxd7 23. Bxd7 Rd8 24. Bg4 f5 25.
f3 Bd3 26. Bh3 Qd7 27. Qxd7 Rxd7 28. Re3 Bb1 29. a3 g6 30. g4 f4 31. Re5 Kf7 32. g5 Rd6 33. Kf2 Bd3 34. Ke1 Bb5 35. Kd2 Bd7 36. Bf1 c6 37.
Be2 Re6 38. Rxe6 Bxe6 39. Ba6 Bd7 40. Kd3 Ke6 41. c4 Kd6 42. Kc3 Be6 43. cxd5 Bxd5 44. Bc8 Bxf3 45. Ba6 b5 46. Kd3 Bg4 47.
Kd2 Kc7 48. d5 Bd7 49. dxc6 Kxc6 50. Ke2 Kb6 51. Kf3 Kxa6 52. Kxf4 Kb6 53. Ke5 Kc5 54. Kf6 b4 55. Kg7 bxa3 56. Kxh7 Bf5 57. h4 a2 58. h5 a1=Q 59.
hxg6 Bxg6+ 60. Kxg6 Qh8 61. Kf7 Qh7+ 62. Kf6 Qg8 63. g6 a4 64. g7 a3 65. Kg6 a2 66. Kh6 a1=Q 67. Kh5 Qaxg7 68. Kh4 Q8h8+ 0-1

[Event "MCR rapid mládeže 2023 U16"]
[Site "Harachov, Czech Republic"]
[Date "2023.09.09"]
[Round "4.13"]
[White "Kubatova, Beta"]
[Black "Policerova, Barbora"]
[Result "1-0"]
[TimeControl "20min+5s/move"]
[WhiteElo "1376"]
[BlackElo "1503"]

1. d4 d5 2. c4 dxc4 3. e3 Nf6 4. Bxc4 Bf5 5. Nc3 Nc6 6. Nf3 e6 7. Bd2 Bd6 8. O-O Ne4 9. Nxe4 Bxe4 10.
Bc3 O-O 11. Qe2 Re8 12. Rfd1 Ne7 13. Rac1 c6 14. Ng5 Bg6 15. Bd3 Nf5 16. Nf3 Bh5 17. h3 Nh4 18. g4 Nxf3+ 19. Qxf3 Qg5 20.
Qg2 Bg6 21. Bxg6 Qxg6 22. Rf1 e5 23. dxe5 Bxe5 24. Bxe5 Rxe5 25. Rfd1 Rae8 26. Rd4 a5 27. Rcd1 Qc2 28. R4d2 Qc5 29.
Qf3 b5 30. Rd7 R5e7 31. Rxe7 Qxe7 32. Qxc6 Qe5 33. b3 b4 34. Qd7 h6 35. Qd4 Qb5 36. Rc1 Qe2 37. Qd7 Rf8 38. Qa4 Qf3 39.
Qxa5 Qxh3 40. Qf5 Ra8 41. Qe4 Rd8 42. Qxb4 Qf3 43. Qf4 Qe2 44. a3 Qb2 45. Qc4 Qxa3 46. b4 Qa4 47. b5 Qxc4 48.
Rxc4 Rb8 49. Rb4 Kf8 50. b6 Ke7 51. Kg2 Kd7 52. Kf3 Kc6 53. Rf4 Rf8 54. Rb4 Kb7 55. Kf4 Rd8 56. Kg3 g5 57.
Rb5 Rd2 58. Rf5 Rd7 59. Rf6 Re7 60. Rxh6 Re5 61. Rf6 Ka6 62. Rxf7 Kxb6 63. Rf5 Rxf5 64. gxf5 Kc6 65. Kg4 Kd6 66. Kxg5 Ke7 67. Kg6 Kf8 68. Kf6 Kg8 69. Ke7 Kg7 70. f6 Kg8 71. f7+ 1-0

[Event "MCR rapid mládeže 2023 U16"]
[Site "Harachov, Czech Republic"]
[Date "2023.09.09"]
[Round "4.14"]
[White "Lackova, Ludmila"]
[Black "Bartova, Hana"]
[Result "1/2-1/2"]
[TimeControl "20min+5s/move"]
[WhiteElo "1479"]
[BlackElo "1389"]

1. d4 Nf6 2. c4 e5 3. dxe5 Ng4 4. Nf3 Nc6 5. b3 Bb4+ 6. Bd2 Bxd2+ 7. Nbxd2 Ngxe5 8. Nxe5 Nxe5 9. Nf3 Nxf3+ 10. exf3 d6 11.
Bd3 Qe7+ 12. Qe2 Qxe2+ 13. Kxe2 Be6 14. Kd2 O-O-O 15. Rhe1 d5 16. cxd5 Rxd5 17. Kc3 Rhd8 18. Rad1 Kb8 19.
Bc2 Rxd1 20. Rxd1 Rxd1 21. Bxd1 Kc8 22. Bc2 h6 23. a3 Kd7 24. Kd4 Kd6 25. b4 Bd5 26. Be4 c6 27. Bd3 Be6 28. Be4 Bb3 29. Bd3 f6 30.
Be4 Ke5+ 1/2-1/2

[Event "MCR rapid mládeže 2023 U16"]
[Site "Harachov, Czech Republic"]
[Date "2023.09.09"]
[Round "4.15"]
[White "Mydlar, Matej"]
[Black "Mik, Tomas"]
[Result "0-1"]
[TimeControl "20min+5s/move"]
[WhiteElo "1711"]
[BlackElo "1802"]

1. e4 c5 2. Nf3 e6 3. d4 cxd4 4. Nxd4 a6 5. Nc3 Qc7 6. a3 Nf6 7. Be2 Be7 8. Be3 b5 9. f3 Bb7 10.
Qd2 d5 11. exd5 Nxd5 12. Nxd5 Bxd5 13. O-O-O Nd7 14. Bf4 Qb7 15. Nf5 Bf8 16. Nd6+ Bxd6 17. Bxd6 Rc8 18. Qg5 Nf6 19. Qxg7 Qc6 20.
Rd2 Rg8 21. Qxf6 Qxd6 22. Rhd1 Qc7 23. c3 Rb8 24. Kb1 a5 25. Re1 b4 26. axb4 axb4 27. cxb4 Qa7 28. Rc2 Ba2+ 29. Kc1 Qe3+ 30.
Rd2 Rc8+ 0-1

[Event "MCR rapid mládeže 2023 U16"]
[Site "Harachov, Czech Republic"]
[Date "2023.09.09"]
[Round "4.16"]
[White "Kozdon, Marek"]
[Black "Bara, Jan"]
[Result "0-1"]
[TimeControl "20min+5s/move"]
[WhiteElo "1548"]
[BlackElo "1823"]

1. d4 Nf6 2. c4 g6 3. Nc3 d5 4. cxd5 Nxd5 5. Nxd5 Qxd5 6. Nf3 Bg7 7. e3 O-O 8. Be2 c5 9. dxc5 Qxc5 10. O-O Nc6 11. Qb3 Rb8 12. Bd2 Be6 13. Rfc1 Qxc1+ 14. Bxc1 Bxb3 15. axb3 Rfd8 16. h3 a6 17. Rb1 e5 18. e4 Nd4 19. Bf1 Nxf3+ 20. gxf3 Rd1 21. Kg2 Rc8 22. Bc4 b5 0-1

[Event "MCR rapid mládeže 2023 U16"]
[Site "Harachov, Czech Republic"]
[Date "2023.09.09"]
[Round "4.17"]
[White "Walder, Hugo"]
[Black "Frantsev, Iegor"]
[Result "1/2-1/2"]
[TimeControl "20min+5s/move"]
[WhiteElo "1403"]
[BlackElo "1431"]

1. e4 c6 2. d4 d5 3. e5 Bf5 4. Bd3 Bxd3 5. Qxd3 e6 6. f4 g6 7. Nf3 c5 8. c3 Nc6 9. Be3 cxd4 10.
Bxd4 Nxd4 11. Nxd4 a6 12. Nd2 Bc5 13. O-O Nh6 14. Kh1 Bxd4 15. Qxd4 Nf5 16. Qf2 O-O 17. Nb3 Qe7 18. Nd4 Nxd4 19.
Qxd4 Rfd8 20. Rfd1 Rac8 21. g3 Qc5 22. Qxc5 Rxc5 23. Rd4 Rdc8 24. Rad1 Rb5 25. R1d2 Kf8 26. Kg2 Ra5 27. a3 Rb5 28.
Rb4 Rxb4 29. axb4 Rc4 30. Rd4 b5 31. Rxc4 bxc4 32. Kf3 Ke7 33. Ke3 Kd7 34. g4 Kc6 35. h4 Kb5 36. Kd2 a5 37.
bxa5 Kxa5 38. Kc2 Ka4 39. g5 Kb5 40. Kd2 Kc5 41. Ke3 Kb5 42. Kd2 Ka5 43. Kc1 Kb5 44. Kd2 1/2-1/2